 Dungeon Crawl Stone Soup version 0.17-a0-1767-gccbed74 (webtiles) character file.

314 Rationalist the Shield-Bearer (level 6, -2/51 HPs)
             Began as a Formicid Fighter on Sept 6, 2015.
             Slain by an ice beast (12 damage)
             ... on level 5 of the Dungeon.
             The game lasted 00:03:11 (2062 turns).

Rationalist the Shield-Bearer (Formicid Fighter)    Turns: 2062, Time: 00:03:12

Health: -2/51      AC:  7    Str: 28      XL:     6   Next: 72%
Magic:  6/6        EV:  9    Int: 12      God:
Gold:   161        SH: 10    Dex:  8 (12) Spells: 0 memorised, 5 levels left

rFire  . . .     SeeInvis +     a - +0 war axe
rCold  . . .     Clarity  .     b - +0 scale mail
rNeg   . . .     SustAt   .     c - +0 shield
rPois  .         Gourm    .     (helmet unavailable)
rElec  .         Spirit   .     (no cloak)
rCorr  .         Warding  .     (no gloves)
rMut   .         Stasis   +     (no boots)
MR     .....                    (no amulet)
Stlth  ..........               (no ring)
                                w - +2 ring of strength

@: mighty, brilliant, flying, not resistant to hostile enchantments, extremely
unstealthy
A: permanent stasis, dig shafts and tunnels, four strong arms, antennae 3
a: Dig, Shaft Self


You were on level 5 of the Dungeon.
You were not hungry.

You visited 1 branch of the dungeon, and saw 4 of its levels.

You collected 161 gold pieces.

Inventory:

Hand weapons
 a - a +0 war axe (weapon)
Missiles
 k - 3 tomahawks (quivered)
 l - 16 sling bullets
 q - 22 bolts
Armour
 b - a +0 scale mail (worn)
 c - a +0 shield (worn)
Jewellery
 w - a +2 ring of strength (left hand)
Scrolls
 f - 3 scrolls of remove curse {unknown}
 h - 2 scrolls of blinking {unknown}
 m - 4 scrolls of enchant weapon {unknown}
 n - 2 scrolls of magic mapping {unknown}
 p - 2 scrolls of teleportation {unknown}
 r - a scroll of identify {unknown}
 s - a scroll of enchant armour {unknown}
 v - 4 scrolls of recharging {unknown}
Potions
 g - a potion of brilliance
 i - a potion of flight
 j - 2 potions of haste
 o - a potion of experience {unknown}
Comestibles
 e - 5 bread rations
 t - a fruit
 u - 2 chunks of flesh


   Skills:
 + Level 5.0 Fighting
 + Level 3.2 Axes
 + Level 3.9 Armour
 + Level 1.6 Dodging
 + Level 0.6 Stealth
 + Level 5.4 Shields


You had 5 spell levels left.
You didn't know any spells.

Dungeon Overview and Level Annotations

Branches:
Dungeon (5/15)
 Temple: D:4-7

Altars:


Innate Abilities, Weirdness & Mutations

You are under a permanent stasis effect.
You can dig through walls and to a lower floor.
Your four strong arms can wield two-handed weapons with a shield.
You have a pair of large antennae on your head (SInv).


Message History

Drink which item? (? for menu, Esc to quit)
It was a potion of flight.
You feel very buoyant.
You fly up into the air.
The quasit bites you.
* * * LOW HITPOINT WARNING * * *
You feel clumsy. You block the quasit's attack.
The quasit claws you but does no damage.
The ice beast completely misses you.
Drink which item? (? for menu, Esc to quit)
It was a potion of haste.
This potion cannot work under stasis.
Drink which item? (? for menu, Esc to quit)
It was a potion of brilliance.
You feel clever all of a sudden.
The quasit bites you but does no damage.
The quasit claws you but does no damage. x2
The ice beast hits you.
* * * LOW HITPOINT WARNING * * *
The ice beast freezes you!
You die...

####### #.....#
#.....##
#......########### ##
#...........##...####.
####5@................
#.Y##......<.....###
....# #............#
....## #............##
.... ##............##
... ......##........
.. ...............##
.......####.##... ...#
#.##...


You could see an ice beast and a quasit.

Vanquished Creatures
  Sigmund (D:2)
  2 worker ants (D:4)
  Natasha (D:2)
  3 adders
  2 oozes
  A worm (D:2)
  5 giant cockroaches
  5 goblins
  6 hobgoblins
  3 jackals (D:2)
  4 kobolds
  3 bats
  3 giant newts
  A quokka (D:2)
  4 rats
44 creatures vanquished.

Notes
Turn   | Place    | Note
--------------------------------------------------------------
     0 | D:1      | Rationalist the Formicid Fighter began the quest for the Orb.
     0 | D:1      | Reached XP level 1. HP: 18/18 MP: 1/1
   225 | D:1      | Reached XP level 2. HP: 24/24 MP: 2/2
   486 | D:1      | Reached skill level 4 in Shields
   567 | D:1      | Reached XP level 3. HP: 21/29 MP: 3/3
  1119 | D:2      | Reached XP level 4. HP: 37/37 MP: 4/4
  1169 | D:2      | Noticed Natasha
  1178 | D:2      | Killed Natasha
  1567 | D:2      | Noticed Sigmund
  1578 | D:2      | Killed Sigmund
  1578 | D:2      | Reached skill level 1 in Dodging
  1578 | D:2      | Reached skill level 5 in Shields
  1578 | D:2      | Reached XP level 5. HP: 40/43 MP: 5/5
  1578 | D:2      | Reached XP level 6. HP: 45/49 MP: 6/6
  1676 | D:2      | You fall through a shaft for 2 floors!
  1958 | D:4      | You fall through a shaft!
  1958 | D:5      | Entered Level 5 of the Dungeon
  1980 | D:5      | Reached skill level 5 in Fighting
  2053 | D:5      | Noticed an ice beast
  2062 | D:5      | Slain by an ice beast

Vault maps used:
D:1:      dpeg_arrival_rooms_with_view
D:2:      uniq_natasha, uniq_sigmund
D:4:      minmay_temple_entry_glassed_door, first_bread, uniq_menkaure

Action                   |  1- 3 |  4- 6 || total
-------------------------+-------+-------++-------
Melee: War axe           |    61 |    85 ||   146
  Use: Potion            |       |     4 ||     4
  Eat: Chunk             |     1 |     3 ||     4
